 Dungeon Crawl Stone Soup version 0.17.1-3-g152610e (webtiles) character file.

42 Yevrel the Magician (level 3, -4/31 HPs)
             Began as a Troll Wizard on Apr 4, 2016.
             Slain by a worm (12 damage)
             ... on level 2 of the Dungeon.
             The game lasted 00:08:18 (1981 turns).

Yevrel the Magician (Troll Wizard)                  Turns: 1981, Time: 00:08:18

Health: -4/31      AC:  5    Str: 15    XL:     3   Next: 33%
Magic:  1/5        EV: 10    Int: 15    God:
Gold:   87         SH:  0    Dex:  8    Spells: 3 memorised, 1 level left

rFire  . . .     SeeInvis .     (no weapon)
rCold  . . .     Clarity  .     a - +0 robe
rNeg   . . .     SustAt   .     (no shield)
rPois  .         Gourm    +     b - +0 hat
rElec  .         Spirit   .     (no cloak)
rCorr  .         Warding  .     (gloves unavailable)
rMut   .         Stasis   .     (boots unavailable)
MR     .....                    (no amulet)
Stlth  +.........               (no ring)
                                (no ring)

@: not resistant to hostile enchantments, very unstealthy
A: unfitting armour, claws 3, fast metabolism 3, gourmand, regeneration 2,
shaggy fur 1, tough skin 2
a: no special abilities


You were on level 2 of the Dungeon.
You were completely stuffed.

You visited 1 branch of the dungeon, and saw 2 of its levels.

You collected 87 gold pieces.

Inventory:

Hand Weapons
 n - a +0 hunting sling
Missiles
 o - 15 sling bullets
Armour
 a - a +0 robe (worn)
 b - a +0 hat (worn)
Scrolls
 e - 2 scrolls of recharging {unknown}
 f - 2 scrolls of enchant weapon {unknown}
 g - a scroll of noise {unknown}
 i - a scroll of random uselessness {unknown}
 l - a scroll of magic mapping {unknown}
 p - a scroll of identify {unknown}
 q - a scroll of amnesia {unknown}
Potions
 h - a potion of mutation {unknown}
 j - a potion of curing {unknown}
 m - a potion of flight {unknown}
Books
 c - a book of Minor Magic

   Spells                             Type                      Level
   a - Magic Dart                     Conjuration                  1
   b - Blink                          Translocation                2
   c - Call Imp                       Summoning                    2
   d - Repel Missiles                 Charms/Air                   2
   e - Slow                           Hexes                        2
   f - Conjure Flame                  Conjuration/Fire             3
   g - Mephitic Cloud                 Conjuration/Poison/Air       3
Comestibles
 d - 2 bread rations
 k - a meat ration


   Skills:
 + Level 0.1 Fighting
 - Level 2.0 Dodging
 + Level 1.2 Stealth
 + Level 2.5 Spellcasting
 * Level 0.7 Conjurations
 * Level 0.6 Summonings
   Level 0.6 Translocations


You had one spell level left.
You knew the following spells:

 Your Spells              Type           Power        Failure   Level  Hunger
a - Magic Dart            Conj           #...         17%         1    #......
b - Call Imp              Summ           #.......     28%         2    ###....
c - Conjure Flame         Conj/Fire      #.......     69%         3    ###....


Dungeon Overview and Level Annotations

Branches:
Dungeon (2/15)

Altars:
Trog


Innate Abilities, Weirdness & Mutations

You are too large for most types of armour.
You have claws for hands.
Your metabolism is lightning-fast.
You like to eat raw meat.
You heal very quickly.
You are covered in fur (AC +1).
You have very tough skin (AC +2).


Message History

The moth of wrath goads the rat on!
The rat goes berserk!
The rat bites you but does no damage.
Your crimson imp completely misses the rat.
The rat closely misses you.
You closely miss the rat. The rat bites you but does no damage.
The worm bites you. The rat bites you but does no damage. The rat bites you.
Your crimson imp hits the rat.
The rat bites you.
* * * LOW HITPOINT WARNING * * *
The rat barely misses you. x2
Your crimson imp barely misses the rat.
The rat bites you.
* * * LOW HITPOINT WARNING * * *
The rat barely misses you. The rat bites you but does no damage.
Your crimson imp blinks!
You scratch the worm.
The worm is lightly wounded.
The rat bites you.
* * * LOW HITPOINT WARNING * * *
The rat barely misses you. The worm bites you!
You die...

#...........................
#..........#............#...
#.....................#.#...
##.....................#.#...
#.......###............#.....
#...........#.....(..........
#.......##.##................
#.....####.######.......##.#.
#...###.....@w##........##...
#...##......rr.##.......##...
#..)#.......r...#.#......#...
#...#..5.###....#........#...
#...#...##y##w..#........#.#.
#...#....###....#........#.#.
##..##.........##.)......#.#.
##..##)..._....##........#.#.
#....##)...)..##.........#.#.


You could see a moth of wrath, 2 worms, 3 rats and a friendly crimson imp.

Vanquished Creatures
  An ooze (D:1)
  A giant gecko (D:1)
  A ball python (D:1)
  5 bats
  4 goblins
  5 hobgoblins
  A quokka (D:2)
  2 giant cockroaches (D:2)
  5 giant newts
  6 kobolds
  4 rats
35 creatures vanquished.

Vanquished Creatures (collateral kills)
  A kobold (D:1)
  A rat (D:2)
2 creatures vanquished.

Grand Total: 37 creatures vanquished

Notes
Turn   | Place    | Note
--------------------------------------------------------------
     0 | D:1      | Yevrel the Troll Wizard began the quest for the Orb.
     0 | D:1      | Reached XP level 1. HP: 16/16 MP: 2/2
   480 | D:1      | Reached XP level 2. HP: 7/24 MP: 4/4
   534 | D:1      | Learned a level 2 spell: Call Imp
  1313 | D:2      | Reached XP level 3. HP: 31/31 MP: 3/5
  1335 | D:2      | Learned a level 3 spell: Conjure Flame
  1961 | D:2      | Noticed a moth of wrath
  1967 | D:2      | Found a bloodstained altar of Trog.
  1981 | D:2      | Slain by a worm

Action                   || total
-------------------------++-------
Melee: Unarmed           ||    80
 Cast: Magic Dart        ||    27
       Call Imp          ||     4
  Eat: Chunk             ||    24
